 Dungeon Crawl Stone Soup version 0.27-a0-223-ge082b6e869 (webtiles) character file.

Game seed: 11001740732801854382

7 iamserjio the Skirmisher (level 2, 0/28 HPs)
             Began as a Naga Fighter on Feb 1, 2021.
             Slain by a hobgoblin
             ... wielding a +0 club
              (1 damage)
             ... on level 2 of the Dungeon.
             The game lasted 00:00:38 (83 turns).

iamserjio the Skirmisher (Naga Fighter)               Turns: 83, Time: 00:00:38

Health: 0/28       AC:  4    Str: 18    XL:     2   Next: 4%
Magic:  2/2        EV:  5    Int:  8    God:
Gold:   9          SH:  8    Dex: 10    Spells: 1/1 levels left

rFire    . . .     SeeInvis +   a - +0 war axe
rCold    . . .     Faith    .   c - +0 kite shield
rNeg     . . .     Spirit   .   b - +0 scale mail
rPois    +         Reflect  .   (no helmet)
rElec    .         Harm     .   (no cloak)
rCorr    .         Rampage  .   (no gloves)
Will     .....                  (no barding)
Stlth    ..........             (no amulet)
HPRegen  0.09/turn              (no ring)
MPRegen  0.08/turn              (no ring)

@: mighty, very slow
A: large, see invisible, deformed body, poison resistance, slowness 2, spit
poison 1, AC +0
a: Spit Poison


You were on level 2 of the Dungeon.
You visited 1 branch of the dungeon, and saw 2 of its levels.

You collected 9 gold pieces.

Inventory:

Hand Weapons
 a - a +0 war axe (weapon)
Armour
 b - a +0 scale mail (worn)
 c - a +0 kite shield (worn)
Potions
 e - a potion of heal wounds {unknown}


   Skills:
 - Level 3.0 Fighting
 * Level 2.5 Axes
 - Level 2.4 Armour
 + Level 2.5 Shields


You had one spell level left.
You didn't know any spells.
Your spell library was empty.

Dungeon Overview and Level Annotations

Branches:
Dungeon (2/15)

Altars:


Innate Abilities, Weirdness & Mutations

You cannot wear boots.
Your serpentine skin is tough. (AC +0)
You have supernaturally acute eyesight. (SInv)
Armour fits poorly on your strangely shaped body.
Your system is resistant to poisons. (rPois)
You cover ground very slowly.
You can spit poison.


Message History

The hobgoblin hits you but does no damage.
You closely miss the leopard gecko.
Your shield and scale mail prevent you from hitting the hobgoblin.
You hit the hobgoblin.
The hobgoblin hits you but does no damage.
The leopard gecko bites you but does no damage.
The hobgoblin hits you with a +0 club.
* * * LOW HITPOINT WARNING * * *
The leopard gecko bites you.
* * * LOW HITPOINT WARNING * * *
The hobgoblin hits you but does no damage.
You closely miss the hound. You closely miss the hobgoblin.
Your scale mail prevents you from hitting the leopard gecko.
You completely miss the hobgoblin. The hound bites you but does no damage.
The leopard gecko bites you.
* * * LOW HITPOINT WARNING * * *
The hobgoblin hits you with a +0 club.
* * * LOW HITPOINT WARNING * * *
The hound closely misses you. The hobgoblin hits you with a +0 club.
You die...

#.......$.
+........
#........
#.......
......##
#..... #..l#
#..@#
#....ghg...#
#.##...###.#
.....#
.......
...#>..#.
#####.. .
... ..


You could see a hound, a leopard gecko and 2 hobgoblins.

Vanquished Creatures
  A dart slug (D:1)
  A hobgoblin (D:1)
  A kobold (D:1)
  2 bats (D:1)
  A rat (D:1)
6 creatures vanquished.

Vanquished Creatures (others)
  A bat (D:1)
1 creature vanquished.

Grand Total: 7 creatures vanquished

Notes
Turn   | Place    | Note
-------+----------+-------------------------------------------
     0 | D:1      | iamserjio the Naga Fighter began the quest for the Orb.
     0 | D:1      | Reached XP level 1. HP: 21/21 MP: 1/1
    35 | D:1      | Reached XP level 2. HP: 4/28 MP: 2/2
    83 | D:2      | HP: 1/28 [hobgoblin/+0 club (2)]
    83 | D:2      | Slain by a hobgoblin

Illustrated notes

Levels and vault maps discovered:
D:1:      roderic_octagonal_star, layout_loops_ring, lemuel_old_faithful
D:2:      layout_loops_corners, makhleb_heckhound_becter, uniq_sigmund,
          uniq_robin

Action                   || total
-------------------------++-------
Melee: War axe           ||    16
  Use: Potion            ||     1
Armor: Scale mail        ||    27
Dodge: Dodged            ||     9
Block: Kite shield       ||    14

Table legend: (Time is in decaauts)
 A = Elapsed time spent in this place.
 B = Non-inter-level travel time spent in this place.
 C = Inter-level travel time spent in this place.
 D = Time resting spent in this place.
 E = Time spent auto-exploring this place.
 F = Levels seen in this place.
 G = Mean time per level.
                   A        B        C        D        E       F      G
               +--------+--------+--------+--------+--------+-----+--------+
         Total |    116 |    116 |      0 |      0 |      0 |   2 |   58.0 |
       Dungeon |    116 |    116 |      0 |      0 |      0 |   2 |   58.0 |
               +--------+--------+--------+--------+--------+-----+--------+

Top non-repeatable levels by time:
     D:1: 109 daAuts
     D:2: 7 daAuts
